AoeStats
← GAX | Urubu

Pilgrims

507876305Analyzed
4v4 RM · 13d ago on Sep 20, 2026· 31m 53s· 8 players
Game mode
Random Map
Map size
Large (8 player)
Population
200
Speed
Normal
Resources
Standard
Victory
Conquest
Starting age
Dark Age
Ending age
Imperial Age
RankedLock teamsTeams togetherTeam positionsShared explorationLock speedFull tech treeHidden civsTurbo modeCheats
Victory
Defeat
🇧🇷 Georgians · Brazil
1592
+13
🇧🇷 Chinese · Brazil
1564
+14
🇧🇷 Armenians · Brazil
1516
+16
🇧🇷 Dravidians · Brazil
1410
+21
🇧🇷 Wu · Brazil
1597
-19
🇨🇳 Japanese · China
1522
-16
🇧🇷 Italians · Brazil
1509
-16
🇷🇺 Italians · Russia
1456
-13
我是你大飞哥
4:06 Loom
12:09 Feudal Age
13:10 Fishing Lines
16:00 Castle Age
14:31 Scale Mail Armor
14:42 Forging
17:13 Wheelbarrow
Tuco Parmera
7:41 Loom
9:48 Feudal Age
10:27 Double-Bit Axe
11:13 Fletching
18:52 Castle Age
18:40 Horse Collar
18:56 Gold Mining
19:25 Town Watch
26:39 Fishing Lines
Shadow_BR
12:23 Feudal Age
13:41 Loom
16:34 Castle Age
15:55 Double-Bit Axe
15:51 Horse Collar
18:33 Scale Mail Armor
19:13 Squires
Landau
9:46 Loom
11:32 Feudal Age
12:48 Double-Bit Axe
15:43 Castle Age
15:09 Bloodlines
15:56 Scale Barding Armor
16:57 Chain Barding Armor
16:39 Husbandry
17:23 Medium Warships
22:49 Fishing Lines
25:30 Bow Saw
27:10 Horse Collar
31:18 Wheelbarrow
31:56 Forging
34:18 Imperial Age
GAX | Urubu
4:44 Loom
11:05 Feudal Age
11:37 Double-Bit Axe
11:33 Horse Collar
13:49 Wheelbarrow
17:49 Castle Age
20:31 Medium Warships
25:04 Crossbowman
28:21 Fletching
28:53 Padded Archer Armor
29:50 Bodkin Arrow
GAX | Kareca
7:24 Loom
10:40 Feudal Age
11:15 Double-Bit Axe
11:15 Fishing Lines
11:26 Town Watch
17:32 Castle Age
16:05 Gold Mining
21:02 Sanctity
20:42 Fletching
21:18 Bodkin Arrow
24:14 Fervor
25:03 Wheelbarrow
25:31 Bow Saw
25:12 Stone Mining
26:06 Guard Tower
27:18 Gillnets
28:15 Masonry
30:49 Imperial Age
29:12 Scale Barding Armor
29:57 Forging
32:10 Chain Barding Armor
31:18 Elite Monaspa
32:19 Svan Towers
32:36 Conscription
33:19 Chemistry
32:40 Ballistics
32:56 Keep
GAX | B.Trufa
7:04 Loom
12:43 Feudal Age
14:16 Double-Bit Axe
17:00 Gold Mining
19:55 Castle Age
18:06 Fishing Lines
24:52 Imperial Age
24:01 Stone Mining
24:23 Bow Saw
30:27 Wheelbarrow
GAX | lee17-han
7:15 Loom
14:23 Feudal Age
18:06 Castle Age
16:08 Horse Collar
16:51 Fletching
18:11 Town Watch
18:47 Bodkin Arrow
18:43 Double-Bit Axe
22:15 Padded Archer Armor
22:52 Wheelbarrow
28:38 Bow Saw
Connection lost

Rejoining the realm…

Still unreachable

The connection could not be restored.

Session expired

The server has moved on; the page needs a fresh start.